 Dungeon Crawl Stone Soup version 0.30.1-9-gdf580d7c3d (webtiles) character file.

Game seed: 4477338895781520297

1463 fireball365 the Cleaver (level 8, -3/66 HPs)
             Began as a Hill Orc Fighter on Oct 8, 2023.
             Slain by a water moccasin (5 damage)
             ... on level 5 of the Dungeon.
             The game lasted 00:09:58 (5119 turns).

fireball365 the Cleaver (Hill Orc Fighter)          Turns: 5119, Time: 00:10:00

Health: -3/66      AC: 13    Str: 21    XL:     8   Next: 77%
Magic:  8/8        EV: 10    Int:  8    God:
Gold:   250        SH:  4    Dex: 10    Spells: 7/7 levels left

rFire   . . .        a - +0 war axe
rCold   + . .        c - +0 buckler
rNeg    . . .        b - +0 scale mail
rPois   .            (no helmet)
rElec   .            e - +0 cloak
rCorr   .            (no gloves)
SInv    .            (no boots)
Will    .....        (no amulet) Stlth
                     q - ring of protection from cold
HPRegen 0.31/turn    r - +4 ring of protection
MPRegen 0.11/turn

%: no passive effects
@: lethally poisoned (-3 -> -13)
A: no striking features
a: no special abilities


You were on level 5 of the Dungeon.
You visited 2 branches of the dungeon, and saw 6 of its levels.

You collected 250 gold pieces.

Inventory:

Hand Weapons
 a - a +0 war axe (weapon)
Missiles
 i - 5 boomerangs (quivered)
Armour
 b - a +0 scale mail (worn)
 c - a +0 buckler (worn)
 e - a +0 cloak (worn)
Jewellery
 f - a ring of see invisible
 h - an amulet of magic regeneration
 p - a ring of willpower
 q - a ring of protection from cold (left hand)
 r - a +4 ring of protection (right hand)
 s - a +4 ring of protection
Scrolls
 j - a scroll of teleportation
 m - a scroll of silence
 o - 2 scrolls of immolation
 t - a scroll of noise {unknown}
Potions
 d - a potion of might
 g - 3 potions of lignification
 k - 2 potions of invisibility
 l - a potion of curing {unknown}
 n - a potion of berserk rage


   Skills:
 - Level 3.6 Fighting
 + Level 10.7 Axes
 + Level 6.5 Armour
 + Level 2.0 Dodging
 + Level 1.2 Stealth
 + Level 4.7 Shields


You had 7 spell levels left.
You didn't know any spells.
Your spell library contained the following spells:

 Spells                   Type           Power      Damage    Failure   Level
 Ozocubu's Armour         Ice            0%         N/A       98%         3
 Ozocubu's Refrigeration  Ice            0%         4d7       100%        7


Dungeon Overview and Level Annotations

Branches:
Dungeon (5/15)             Temple (1/1) D:5

Altars:
Ashenzari
Dithmenos
Elyvilon
Fedhas
Nemelex Xobeh
Qazlal
Ru
Sif Muna
Trog
Vehumet
Wu Jian
Xom
The Shining One

Shops:
D:3 ([:((   D:4 =


Message History

You kill the gnoll bouda!
A water moccasin comes into view.
Items here: ! $ ( )) ? [ ††.
Your attacks no longer feel as feeble.
The water moccasin hisses angrily.
You barely miss the water moccasin. The water moccasin barely misses you.
The water moccasin bites you!
You are poisoned.
The water moccasin poisons you!
You slash the water moccasin!
The water moccasin is moderately wounded.
You feel very sick. The water moccasin bites you.
You are lethally poisoned!
The water moccasin poisons you!
You closely miss the water moccasin.
The water moccasin is moderately wounded.
* * * LOW HITPOINT WARNING * * *
You feel extremely sick.
The water moccasin completely misses you.
The water moccasin bites you but does no damage.
You slash the water moccasin!
The water moccasin is almost dead.
* * * LOW HITPOINT WARNING * * *
You feel very sick. The water moccasin barely misses you.
You hit the water moccasin but do no damage.
The water moccasin is almost dead.
* * * LOW HITPOINT WARNING * * *
You feel very sick. The water moccasin bites you.
* * * LOW HITPOINT WARNING * * *
You miss the water moccasin.
The water moccasin is almost dead.
* * * LOW HITPOINT WARNING * * *
You feel very sick. The water moccasin bites you.
* * * LOW HITPOINT WARNING * * *
The water moccasin bites you.
You die...

####.......'.........'.).......
##....####.........##........
#....######.......###.##.##..
#....(..# ##.....## #.##.....
#..#.##.# ##...## #.##.###.
#..#.##.# ##'# ..##.# #.
#.......# #.# ...... ..
###.#.#..######.##.#...#... ..
#.._..#..#..)@S.....#
#.#.#....#.###...#...#
#.....#.##.##.......#..
#######.##.###...#.#.. #.##.#
##.##... #....# #.# ..# ######
#.# #.. #.# ..


You could see a water moccasin.

Vanquished Creatures
  Duvessa (D:4)
  An ice beast (D:5)
  2 ogres (D:5)
  A phantom (D:4)
  2 kobold brigands (D:5)
  A gnoll sergeant (D:4)
  2 scorpions (D:5)
  Dowan (D:4)
  2 howler monkeys
  A jelly (D:5)
  Crazy Yiuf (D:4)
  A hound (D:4)
  A gnoll bouda (D:5)
  2 sleepcaps (D:5)
  2 iguanas
  2 orc wizards (D:3)
  Natasha (thrice) (D:3)
  8 gnolls
  6 adders
  2 worms (D:2)
  3 dart slugs
  14 orcs
  4 endoplasms
  6 giant cockroaches
  5 goblins
  3 hobgoblins
  8 kobolds
  4 quokkas
  5 ball pythons
  7 bats
  7 frilled lizards
  5 rats
113 creatures vanquished.

Notes
Turn   | Place    | Note
-------+----------+-------------------------------------------
     0 | D:1      | fireball365 the Hill Orc Fighter began the quest for the
                  | Orb.
     0 | D:1      | Reached XP level 1. HP: 19/19 MP: 1/1
    82 | D:1      | Reached XP level 2. HP: 25/27 MP: 2/2
   123 | D:1      | Reached skill level 3 in Axes
   314 | D:1      | Reached XP level 3. HP: 33/33 MP: 3/3
   584 | D:2      | Reached skill level 4 in Axes
   688 | D:2      | Noticed Natasha
   932 | D:2      | Found a faded altar of an unknown god.
  1139 | D:2      | Reached XP level 4. HP: 38/40 MP: 4/4
  1743 | D:3      | Found Jiroergheola's Antique Weapon Boutique.
  1878 | D:3      | Killed Natasha
  1879 | D:3      | Reached skill level 5 in Axes
  1903 | D:3      | Reached XP level 5. HP: 46/46 MP: 5/5
  1981 | D:3      | Found Aceis's Weapon Shoppe.
  2030 | D:3      | Found Bokhlemir's Antique Armour Shop.
  2147 | D:3      | Reached skill level 1 in Dodging
  2306 | D:3      | Reached skill level 6 in Axes
  2352 | D:3      | Noticed Natasha
  2357 | D:3      | Killed Natasha
  2358 | D:3      | Reached XP level 6. HP: 41/52 MP: 6/6
  2480 | D:3      | Found Jokyir's Book Boutique.
  2525 | D:3      | Found Tockiym's Weapon Boutique.
  2547 | D:3      | Noticed Natasha
  2556 | D:3      | Killed Natasha
  2807 | D:4      | Found Ylir's Jewellery Boutique.
  2885 | D:4      | Noticed Duvessa
  2885 | D:4      | Noticed Dowan
  2901 | D:4      | Killed Duvessa
  2902 | D:4      | Reached skill level 7 in Axes
  2910 | D:4      | HP: 2/52 [Dowan/shard of ice (5)]
  3288 | D:4      | Reached XP level 7. HP: 22/58 MP: 7/7
  3496 | D:4      | Reached skill level 8 in Axes
  3496 | D:4      | Reached skill level 5 in Armour
  3584 | D:4      | Found a runed translucent door.
  3585 | D:4      | Noticed Crazy Yiuf
  3593 | D:4      | Killed Crazy Yiuf
  3836 | D:4      | Killed Dowan
  4039 | D:4      | Found an ornate altar of the Wu Jian Council.
  4046 | D:4      | Noticed a spectral centipede
  4046 | D:4      | Noticed a spectral black mamba
  4046 | D:4      | Noticed a spectral cane toad
  4388 | D:5      | Entered Level 5 of the Dungeon
  4431 | D:5      | Reached skill level 9 in Axes
  4485 | D:5      | Found a staircase to the Ecumenical Temple.
  4496 | D:5      | Reached XP level 8. HP: 66/66 MP: 8/8
  4524 | Temple   | Entered the Ecumenical Temple
  4893 | D:5      | Reached skill level 1 in Stealth
  4963 | D:5      | Reached skill level 10 in Axes
  5047 | D:5      | Found a broken altar of Ashenzari.
  5078 | D:5      | Identified the +9 whip "Omuinwomp" {protect, Fly rN+ Int-4
                  | Dex+2}
  5119 | D:5      | HP: 3/66 [poisoned by a water moccasin]
  5119 | D:5      | Slain by a water moccasin

Illustrated notes

Levels and vault maps discovered:
D:1:      nicolae_arrival_washed_ashore, layout_basic, fountainhead,
          roderic_malta_cross
D:2:      layout_basic, shapermc_ecumenical_altar_pompeii, uniq_natasha
D:3:      layout_loops_cross, serial_shops, shop, shop,
          nicolae_shop_hallway_stairs, shop_statue, shop
D:4:      layout_loops_ring, pdpol_wu_jian_five_deadly_venoms, serial_shops,
          nicolae_shop_rolling_square, lightli_minifort,
          uniq_crazy_yiuf_cottage, uniq_duvessa
D:5:      cheibrodos_fzero, layout_loops_corners, kiku_gazebo_garden_becter,
          ashenzari_altar_1, temple_fountains
Temple:   minmay_temple_curvy_loop

Skill      XL: |  1  2  3  4  5  6  7  8 |
---------------+-------------------------+-----
Axes           | 3 4 5 6 7 9 10 | 10.7
Armour         | 4 5 6 |  6.5
Dodging        | 1 2 |  2.0
Shields        | 4 |  4.7
Stealth        | 1 |  1.2
Fighting       | |  3.6

Action                     |  1- 3 |  4- 6 |  7- 9 || total
---------------------------+-------+-------+-------++-------
  Melee: War axe           |    86 |   128 |   159 ||   373
    Use: Scroll            |     1 |     8 |     2 ||    11
 Armour: Scale mail        |    66 |    44 |    54 ||   164
  Dodge: Dodged            |    66 |    61 |    42 ||   169
  Block: Buckler           |    28 |    26 |    28 ||    82
